 Dungeon Crawl Stone Soup version 0.21-a0-207-g4a9efaf (webtiles) character file.

1791756 Monstered the Conqueror (level 27, 215/273 HPs)
             Began as a Minotaur Fighter on Aug 19, 2017.
             Was an Initiate of Gozag.
             Escaped with the Orb
             ... and 3 runes on Aug 20, 2017!
             The game lasted 02:14:10 (67392 turns).

Monstered the Conqueror (Minotaur Fighter)         Turns: 67392, Time: 02:14:11

Health: 215/273    AC: 51    Str: 29    XL:     27
Magic:  19/19      EV: 19    Int: 10    God:    Gozag
Gold:   1857       SH:  2    Dex: 21    Spells: 25/26 levels left

rFire    . . .     SeeInvis +   d - +9 executioner's axe (flame)
rCold    + . .     Gourm    .   (shield currently unavailable)
rNeg     . . .     Faith    .   P - +8 orange crystal plate armour {Archmagi, Int+3 Clar}
rPois    +         Spirit   .   v - +0 mask of the Dragon {MR+ Slay+3 SInv}
rElec    .         Reflect  +   R - +2 cloak {rPois}
rCorr    .         Harm     .   t - +2 pair of gloves {archery}
MR       +++++     Clarity  +   w - +2 pair of boots {run}
Stlth    ..........             T - amulet "Huzuruot" {Reflect Slay+2 SH+2}
HPRegen  0.55/turn              n - ring of Holeni {+Blink rC+ Dex+5 Slay+2}
MPRegen  0.16/turn              q - ring of Fedhas's Hope {MR++ Str+3 Int+2 Dex-2}

@: quick
A: retaliatory headbutt, horns 2, deterioration 1, low mp 1, subdued magic 1,
MP-powered wands
0: Orb of Zot
}: 3/15 runes: decaying, serpentine, silver
a: Potion Petition, Call Merchant, Bribe Branch, Renounce Religion, Evoke Blink


You escaped.
You worshipped Gozag.
Gozag was most pleased with you.
You were not hungry.

You visited 9 branches of the dungeon, and saw 49 of its levels.
You visited the Abyss 3 times.
You visited 1 bazaar.
You also visited: Labyrinth, Ossuary and Ice Cave.

You collected 33151 gold pieces.
You spent 2858 gold pieces at shops.
You paid 28436 gold pieces to Gozag.

Inventory:

Hand Weapons
 b - the +7 longbow "Piercer" {penet, EV-2}
   (You found it on level 6 of the Lair of Beasts)

   Ammo fired by it will pass through the targets it hits, potentially hitting
   all targets in its path until it reaches maximum range.
   It affects your evasion (-2).
 d - a +9 executioner's axe of flaming (weapon)
 Y - a +0 halberd
Missiles
 W - 1585 arrows
Armour
 t - a +2 pair of gloves of archery (worn)
 v - the +0 mask of the Dragon (worn) {MR+ Slay+3 SInv}
   (You found it on level 1 of the Depths)

   It affects your accuracy and damage with ranged weapons and melee attacks
   (+3).
   It affects your resistance to hostile enchantments.
   It lets you see invisible.
 w - a +2 pair of boots of running (worn)
 P - the +8 orange crystal plate armour (worn) {Archmagi, Int+3 Clar}
   (You found it on level 3 of the Elven Halls)

   It affects your intelligence (+3).
   It protects you against confusion.
 R - a +2 cloak of poison resistance (worn)
Jewellery
 e - a +4 ring of protection
 n - the ring of Holeni (left hand) {+Blink rC+ Dex+5 Slay+2}
   (You acquired it on level 5 of the Realm of Zot)

   [ring of protection from cold]

   It affects your dexterity (+5).
   It affects your accuracy and damage with ranged weapons and melee attacks
   (+2).
   It protects you from cold.
   It lets you blink.
 o - an uncursed ring of see invisible
 q - the ring of Fedhas's Hope (right hand) {MR++ Str+3 Int+2 Dex-2}
   (You bought it in a shop on level 3 of the Lair of Beasts)

   [ring of intelligence]

   It affects your strength (+3).
   It affects your intelligence (+2).
   It affects your dexterity (-2).
   It affects your resistance to hostile enchantments.
 H - the amulet of the Air {Inacc +Fly rElec EV+5 RMsl}
   (You found it on level 3 of the Depths)

   [amulet of inaccuracy]

   It reduces the accuracy of all your attacks.
   It affects your evasion (+5).
   It insulates you from electricity.
   It lets you fly.
   It protects you from missiles.
 L - an uncursed amulet of regeneration
 O - the ring of Zymokyij {+Blink rElec Str+4 Int+2 Dex+4}
   (You found it on level 3 of the Elven Halls)

   [ring of dexterity]

   It affects your strength (+4).
   It affects your intelligence (+2).
   It affects your dexterity (+4).
   It insulates you from electricity.
   It lets you blink.
 T - the amulet "Huzuruot" (around neck) {Reflect Slay+2 SH+2}
   (You found it on level 9 of the Dungeon)

   [amulet of reflection]

   It shields you and reflects attacks.
   It affects your accuracy and damage with ranged weapons and melee attacks
   (+2).
   It affects your SH (+2).
Wands
 m - a wand of acid (8/15)
 z - a wand of acid (5/15)
 G - a wand of acid (3/15)
 S - a wand of acid (5/15)
 U - a wand of digging (9/24)
 X - a wand of digging (6/24)
Scrolls
 c - 10 scrolls of magic mapping
 f - a scroll of blinking
 g - 14 scrolls of immolation
 l - 5 scrolls of fog
 p - 8 scrolls of identify
 y - 13 scrolls of fear
 B - 10 scrolls of remove curse
 E - 12 scrolls of teleportation
 M - 2 scrolls of enchant weapon
 N - 6 scrolls of enchant armour
 Z - 5 scrolls of recharging
Potions
 i - a potion of might
 j - 2 potions of ambrosia
 k - 3 potions of haste
 s - 8 potions of agility
 u - 3 potions of invisibility
 A - 5 potions of brilliance
 C - 2 potions of cancellation
 D - 6 potions of mutation
 F - 4 potions of flight
 K - 4 potions of berserk rage
Miscellaneous
 r - a lamp of fire
 Q - a phial of floods
 V - a phial of floods
Comestibles
 a - 46 fruits
 h - 24 royal jellies
 x - 5 bread rations
 J - 10 meat rations


   Skills:
 O Level 27 Fighting
 - Level 26.0 Axes
 + Level 26.2 Bows
 + Level 26.9 Armour
 - Level 16.4 Dodging
   Level 3.7 Shields


You had 25 spell levels left.
You knew the following spells:

 Your Spells              Type           Power        Failure   Level  Hunger
a - Apportation           Tloc           #.....       89%         1    ##.....


Dungeon Overview and Level Annotations

Branches:
Dungeon (15/15)            Temple (0/1) D:6            Lair (6/6) D:11
  Swamp (4/4) Lair:2        Snake (4/4) Lair:2        Slime (0/5) Lair:6
    Orc (2/2) D:12            Elf (3/3) Orc:2        Vaults (5/5) D:13
  Crypt (0/3) Vaults:2     Depths (5/5) D:15            Zot (5/5) Depths:5

Altars:
Ashenzari
Cheibriados
Dithmenos
Fedhas
Gozag
Makhleb
Nemelex Xobeh
Okawaru
Qazlal
Ru
Sif Muna
Trog
Wu Jian
Zin
The Shining One
Jiyva

Shops:
Orc:2 :*=}   Elf:1 :   Elf:3 ([[=   Lair:1 [!   Lair:3 =   Swamp:2 [
Snake:3 :   Vaults:1 (   Vaults:2 [   Vaults:4 [(   Depths:1 (

Portals:
Hell: Depths:1 Depths:2 Depths:3 Depths:4 Depths:5
Abyss: Depths:4
Pandemonium: Depths:2 Depths:3
Ziggurat: Depths:1
Trove: Vaults:2 (give +6 demon blade)

Annotations:
Swamp:4 exclusion: Roxanne, Roxanne
Elf:2 3 runed doors
Depths:3 2 runed doors


Innate Abilities, Weirdness & Mutations

You reflexively headbutt those who attack you in melee.
You have a pair of horns on your head.
Your body sometimes deteriorates upon taking damage.
Your magical capacity is low. (-10% MP)
Your spells are a little easier to cast, but a little less powerful.
You expend magic power (3 MP) to strengthen your wands.


Message History

No target in view!
You now have 1857 gold pieces (gained 4).
There are no items here.
Your extra speed is starting to run out.
You feel yourself slow down.
You are no longer corroded.
There is a stone staircase leading up here.
You climb upwards.
There is a stone staircase leading down here.
There is a stone staircase leading up here.
You climb upwards.
There is a stone staircase leading down here.
There is a stone staircase leading up here.
You climb upwards.
There is a stone staircase leading down here.
You open the door.
There is an open door here.
There is a dry fountain here.
There is a staircase leading out of the dungeon here.
You have escaped!

............# ##+# #.# ##..#
##..######### #.# #.# #...# ##..#
##.## #.####.#.# ..).# #...#
#.##..#..# ###.# #...# #.##.#.###
# #.# ##...## #.##.#.#### #
#.##### ####..⌠..#####.........
###.....###...........####.######
>...###.'.....⌠.@.⌠.....'..##
##### #####...........###...# #
####..⌠..#### ##..#### # ##...##
#.....## # #...# #.###... # #...#
#.# #### ### ##.## #.# # ..# #.#
#.# # #.# #+# ##.## #


There were no monsters in sight!

Vanquished Creatures
  An orb of fire (Zot:5)
  Mennas (Depths:4)
  A juggernaut (Depths:2)
  Sojobo (Depths:4)
  2 ancient liches (Zot:5)
  Bai Suzhen (Vaults:2)
  the Lernaean hydra (Swamp:4)
  2 curse toes
  8 Killer Klowns
  18 golden dragons
  5 caustic shrikes
  Jory (Depths:5)
  A profane servitor (D:7)
  3 electric golems
  11 tentacled monstrosities
  Rupert (Lair:5)
  A Hell Sentinel (Depths:4)
  An Ice Fiend (D:7)
  4 quicksilver dragons
  18 Orb Guardians
  5 titans
  2 deep elf blademasters (Elf:3)
  4 liches
  2 deep elf master archers (Elf:3)
  9 death cobs
  2 tentacled starspawn
  6 sphinxes
  A sphinx (shapeshifter) (Vaults:1)
  2 Executioners
  15 storm dragons
  6 tengu reavers
  3 draconian monks
  17 shadow dragons
  9 frost giants
  Donald (Orc:2)
  22 nagarajas
  11 fire giants
  6 deep elf sorcerers
  6 draconian scorchers
  2 iron dragons
  3 ghost moths
  2 cacodemons
  Louise (Swamp:2)
  3 draconian shifters
  2 orc warlords (Depths:1)
  6 vault wardens
  10 draconian knights
  2 balrugs
  8 draconian annihilators
  5 deep elf elementalists (Elf:3)
  21 stone giants
  3 draconian stormcallers
  2 reapers
  25 ironheart preservers
  2 ghouls (Vaults:2)
  3 spriggan defenders (Depths:3)
  18 very ugly things
  A war gargoyle (Vaults:5)
  2 vampire knights
  10 green draconians
  17 black draconians
  Nessos (Lair:4)
  A lorocyproca (Zot:5)
  10 white draconians
  5 red draconians
  20 purple draconians
  7 deep elf demonologists
  6 deep elf annihilators
  Snorg (Orc:2)
  15 ettins
  9 spark wasps
  13 yellow draconians
  A crystal guardian (Vaults:4)
  7 deep elf death magi
  A minotaur (Lab)
  A blizzard demon (D:13)
  5 deep elf high priests
  14 fire dragons
  10 great orbs of eyes
  24 yaktaur captains
  Harold (Lair:4)
  2 hell beasts
  27 vault guards
  7 rakshasas
  Erolcha (D:9)
  24 naga warriors
  19 ice dragons
  4 spriggan air magi
  49 two-headed ogres
  11 centaur warriors
  19 ogre magi
  25 hydras
  9 anacondas
  4 death knights
  3 alligators
  10 deep troll earth magi
  11 deep troll shamans
  4 catoblepae
  A two-headed ogre (shapeshifter) (Depths:3)
  13 tengu warriors
  5 death yaks (Lair:6)
  7 spriggan berserkers
  5 orc high priests
  A shock serpent (shapeshifter) (Depths:3)
  6 shock serpents
  8 thrashing horrors (Abyss:5)
  A vampire mage (Depths:3)
  8 spriggans
  22 naga sharpshooters
  3 hell knights
  A skeletal warrior (Vaults:4)
  20 deep elf knights
  2 death drakes (shapeshifter)
  A sun demon (Abyss:5)
  2 salamander mystics
  3 spatial maelstroms
  4 wretched stars
  6 iron trolls
  A sixfirhy (Abyss:5)
  4 glowing orange brains
  5 shadow wraiths
  9 swamp dragons
  2 unseen horrors (D:12)
  A deep troll (shapeshifter) (Depths:2)
  15 deep trolls
  5 flayed ghosts
  4 phantasmal warriors
  24 deep elf archers
  4 wizards
  A lindwurm (D:13)
  An anaconda zombie (Abyss:3)
  21 orc knights
  12 harpies
  21 ironbrand convokers
  8 naga ritualists
  11 large abominations
  12 mana vipers
  An orb spider (shapeshifter) (D:15)
  2 necromancers
  Pikel (D:7)
  A shambling mangrove (Swamp:4)
  68 deep elf magi
  3 wolf spiders
  A cyclops (shapeshifter) (Vaults:4)
  A shining eye (Abyss:3)
  28 ugly things
  11 orc sorcerers
  A worldbinder (Abyss:3)
  11 salamanders
  A human zombie (Vaults:5)
  2 manticores (Lair:6)
  21 moths of wrath
  A toenail golem (Abyss:3)
  8 cyclopes
  An ice statue (IceCv)
  A rust devil (D:4)
  4 guardian serpents (Snake:4)
  7 elephants
  An apocalypse crab (Abyss:3)
  16 vault sentinels
  42 black mambas
  24 naga magi
  A fire giant skeleton (Vaults:5)
  3 smoke demons
  A gargoyle (D:14)
  17 spiny frogs
  4 orange demons
  2 spiny frogs (shapeshifter)
  A hellion (Abyss:5)
  A torpor snail (Abyss:4)
  A rime drake (shapeshifter) (Vaults:4)
  49 yaktaurs
  3 hellwings
  2 rime drakes
  A red devil (Abyss:5)
  6 tengu conjurers
  5 freezing wraiths
  8 komodo dragons
  8 ice devils (IceCv)
  A jumping spider (Vaults:5)
  An ancient zyme (Abyss:5)
  A yaktaur skeleton (Vaults:5)
  A meliai (shapeshifter) (Vaults:3)
  10 trolls
  17 hornets
  3 polar bears (shapeshifter)
  A wolf spider simulacrum (D:15)
  11 blink frogs
  3 polar bears
  Grinder (D:5)
  A hornet (shapeshifter) (Depths:1)
  8 tyrant leeches
  8 raiju
  7 bog bodies
  2 raiju (shapeshifter)
  11 hippogriffs
  20 slime creatures
  11 air elementals
  A snapping turtle (shapeshifter) (Vaults:4)
  3 ynoxinuls
  Sigmund (D:2)
  11 redbacks
  A spriggan (shapeshifter) (Vaults:1)
  8 basilisks
  A tarantella (shapeshifter) (Vaults:4)
  23 starcursed masses
  2 yaks (shapeshifter) (Depths:3)
  14 water elementals
  3 shadows
  2 wyverns
  A tarantella (Vaults:5)
  6 wraiths
  3 fire elementals
  33 yaks
  2 humans (shapeshifter)
  A chaos spawn (Zot:4)
  Grum (D:9)
  A basilisk (shapeshifter) (Vaults:2)
  3 hungry ghosts
  Eustachio (D:4)
  A golden eye (shapeshifter) (Vaults:4)
  9 vampire mosquitoes
  A yaktaur simulacrum (Vaults:5)
  4 neqoxecs (Abyss:5)
  Menkaure (D:5)
  21 insubstantial wisps
  77 nagas
  6 spatial vortices
  2 soldier ants
  2 acid dragons
  3 wargs
  15 water moccasins
  16 swamp worms
  A warg (shapeshifter) (Vaults:4)
  10 porcupines
  2 water moccasins (shapeshifter)
  4 hell hounds
  5 floating eyes
  28 orc warriors
  2 slaves (D:7)
  3 ice beasts
  15 swamp drakes
  2 necrophages
  4 sky beasts
  13 boggarts
  An eye of draining (D:13)
  5 black bears
  2 phantoms
  42 ogres
  9 centaurs
  31 wolves
  12 crocodiles
  3 big kobolds
  12 bullfrogs
  2 small abominations
  5 earth elementals
  An elf skeleton (D:6)
  4 scorpions
  A killer bee (shapeshifter) (Vaults:2)
  An elf simulacrum (Vaults:3)
  11 killer bees (D:10)
  3 wights (D:9)
  A howler monkey (D:3)
  5 electric eels
  8 crimson imps
  2 quasits
  2 bullfrog zombies
  23 orc priests
  7 hounds
  Crazy Yiuf (D:6)
  An iron imp (Depths:1)
  5 jellies
  20 orc wizards
  6 centaur skeletons
  3 human skeletons (D:6)
  4 iguanas
  12 worker ants
  6 big kobold zombies (Ossuary)
  2 hound zombies
  2 mummies
  3 worker ant zombies (D:9)
  10 adders
  2 shadow imps
  22 white imps
  6 oozes
  5 ufetubi (IceCv)
  An adder zombie (D:3)
  An adder skeleton (D:4)
  8 worms
  2 dart slugs
  7 leopard geckos
  95 orcs
  A spectral bat (Ossuary)
  7 bats
  5 giant cockroaches
  6 goblins
  5 hobgoblins
  10 jackals
  4 kobolds
  4 quokkas
  2 bat simulacra (Ossuary)
  4 frilled lizards
  A giant cockroach zombie (D:6)
  6 gnoll zombies (Ossuary)
  2 goblin simulacra (Ossuary)
  6 goblin zombies (Ossuary)
  5 hobgoblin zombies (Ossuary)
  4 kobold simulacra (Ossuary)
  4 kobold zombies (Ossuary)
  An orc skeleton (D:6)
  4 orc zombies
  5 rats
  5 rat simulacra (Ossuary)
  5 spectral goblins (Ossuary)
  5 spectral kobolds (Ossuary)
  A spectral rat (Ossuary)
  A butterfly (Lair:3)
  5 fungi
  A lurking horror (Abyss:5)
  6 plants
2410 creatures vanquished.

Vanquished Creatures (collateral kills)
  A Killer Klown (Zot:5)
  A tentacled monstrosity (Vaults:5)
  4 Orb Guardians (Zot:5)
  A shadow dragon (Vaults:5)
  A draconian monk (Zot:5)
  A storm dragon (Vaults:5)
  3 tengu reavers (Vaults:5)
  A fire giant (Vaults:5)
  3 vault wardens (Vaults:5)
  An ironheart preserver (Vaults:5)
  An entropy weaver (Vaults:5)
  A stone giant (Vaults:5)
  2 very ugly things (Vaults:5)
  A green draconian (Zot:5)
  3 deep elf demonologists (Vaults:5)
  A deep elf annihilator (Vaults:5)
  A deep elf death mage (Vaults:5)
  2 vault guards (Vaults:5)
  A deep elf knight (Vaults:5)
  A deep elf mage (Vaults:5)
  An orc knight (Vaults:5)
  A deep elf archer (Vaults:5)
  2 ironbrand convokers (Vaults:5)
  A stone giant skeleton (Vaults:5)
  A vault sentinel (Vaults:5)
  An orc warrior (Vaults:5)
38 creatures vanquished.

Vanquished Creatures (others)
  2 ancient liches (Zot:5)
  An orb of fire (Zot:5)
  2 Killer Klowns (Zot:5)
  An electric golem (Zot:5)
  7 Orb Guardians (Zot:5)
  A lich (Vaults:5)
  A titan (Vaults:5)
  A sphinx (Vaults:5)
  A tengu reaver (Vaults:5)
  2 storm dragons
  A frost giant (Vaults:5)
  2 draconian knights
  3 vault wardens (Vaults:5)
  A draconian stormcaller (Zot:5)
  A war gargoyle (Vaults:5)
  3 stone giants (Vaults:5)
  An entropy weaver (Vaults:2)
  A very ugly thing (Vaults:5)
  A red draconian (Zot:5)
  2 green draconians (Zot:5)
  A black draconian (Zot:5)
  A white draconian (Zot:5)
  2 deep elf annihilators (Vaults:5)
  2 purple draconians (Zot:5)
  A yellow draconian (Zot:5)
  2 ettins (Vaults:5)
  A great orb of eyes (Vaults:5)
  3 yaktaur captains (Vaults:5)
  2 vault guards (Vaults:5)
  A deep elf high priest (Vaults:5)
  An anaconda (Snake:2)
  4 two-headed ogres
  A two-headed ogre (shapeshifter) (Vaults:5)
  20 dancing weapons
  A deep troll shaman (Depths:3)
  2 ogre magi
  A sun demon (Abyss:5)
  A deep elf archer (Vaults:5)
  2 harpies (Vaults:5)
  2 ironbrand convokers (Vaults:5)
  5 deep elf magi (Vaults:5)
  2 moths of wrath (Zot:5)
  5 vault sentinels
  3 yaktaurs
  A freezing wraith (Vaults:5)
  A tyrant leech (Swamp:3)
  An insubstantial wisp (Swamp:3)
  An orc warrior (Vaults:5)
  2 ogres
  A centaur (D:14)
  An orc wizard (Orc:2)
  4 white imps (IceCv)
  2 ufetubi (IceCv)
  A fungus (Lair:1)
  13 plants
  4 starspawn tentacles
133 creatures vanquished.

Grand Total: 2581 creatures vanquished

Notes
Turn   | Place    | Note
-------+----------+-------------------------------------------
     0 | D:1      | Monstered the Minotaur Fighter began the quest for the Orb.
     0 | D:1      | Reached XP level 1. HP: 19/19 MP: 0/0
   133 | D:1      | Reached XP level 2. HP: 27/27 MP: 1/1
   852 | D:2      | Reached XP level 3. HP: 29/33 MP: 2/2
   854 | D:2      | Reached skill level 4 in Fighting
  1002 | D:2      | Found a sparkling altar of Nemelex Xobeh.
  1261 | D:2      | Noticed Sigmund
  1295 | D:2      | Killed Sigmund
  1295 | D:2      | Reached skill level 5 in Axes
  1295 | D:2      | Reached XP level 4. HP: 41/41 MP: 3/3
  1295 | D:2      | Reached XP level 5. HP: 47/47 MP: 4/4
  1907 | D:3      | Reached skill level 5 in Armour
  1911 | D:3      | Reached skill level 5 in Fighting
  1911 | D:3      | Reached XP level 6. HP: 46/56 MP: 5/5
  2350 | D:4      | Got a jewelled hand axe
  2351 | D:4      | Identified the +7 hand axe "Xept" {chop, Str+2 Dex+4} (You found it on level 4 of the Dungeon)
  2457 | D:4      | Found an opulent altar of Gozag.
  2492 | D:4      | Became a worshipper of Gozag Ym Sagoz the Greedy
  2830 | D:4      | Found an opulent altar of Gozag.
  2835 | D:4      | Found a shadowy altar of Dithmenos.
  2835 | D:4      | Found a stormy altar of Qazlal.
  2835 | D:4      | Found a glowing silver altar of Zin.
  2836 | D:4      | Found a sacrificial altar of Ru.
  2840 | D:4      | Found a blossoming altar of Fedhas.
  3150 | D:4      | Noticed Eustachio
  3157 | D:4      | Killed Eustachio
  3157 | D:4      | Reached XP level 7. HP: 61/61 MP: 6/6
  3193 | D:5      | Entered Level 5 of the Dungeon
  3285 | D:5      | Noticed Menkaure
  3292 | D:5      | Killed Menkaure
  3292 | D:5      | Reached skill level 6 in Fighting
  3563 | D:5      | Noticed Grinder
  3570 | D:5      | Killed Grinder
  3642 | D:5      | Found a burning altar of Makhleb.
  3737 | D:5      | Reached XP level 8. HP: 58/71 MP: 7/7
  4214 | D:6      | Got an encrusted mace
  4319 | D:6      | Found a runed door.
  4344 | D:6      | Found an iron altar of Okawaru.
  4407 | D:6      | Reached skill level 7 in Fighting
  4535 | D:6      | Found a sand-covered staircase.
  4573 | Ossuary  | Entered an ossuary
  5044 | D:6      | You fall through a shaft!
  5182 | D:6      | Reached skill level 10 in Axes
  5253 | D:6      | Found a staircase to the Ecumenical Temple.
  5290 | D:6      | Reached skill level 8 in Fighting
  5316 | D:6      | Reached XP level 9. HP: 77/81 MP: 8/8
  5376 | D:6      | Noticed Crazy Yiuf
  5381 | D:6      | Killed Crazy Yiuf
  5600 | D:7      | Noticed Pikel
  5610 | D:7      | Killed Pikel
  6102 | D:8      | Reached skill level 9 in Fighting
  6472 | D:8      | Found an ornate altar of the Wu Jian Council.
  6616 | D:8      | Found a snail-covered altar of Cheibriados.
  6783 | D:9      | Noticed a two-headed ogre
  6793 | D:9      | Killed a two-headed ogre
  6793 | D:9      | Reached XP level 10. HP: 57/92 MP: 9/9
  7176 | D:9      | Found a deep blue altar of Sif Muna.
  7185 | D:9      | Noticed Erolcha
  7199 | D:9      | Killed Erolcha
  7199 | D:9      | Reached skill level 10 in Fighting
  7199 | D:9      | Reached skill level 10 in Armour
  7244 | D:9      | Got a transparent diamond amulet
  7246 | D:9      | Identified the amulet "Huzuruot" {Reflect Slay+2 SH+2} (You found it on level 9 of the Dungeon)
  7250 | D:9      | Noticed Grum
  7256 | D:9      | Killed Grum
  7430 | D:9      | Noticed a two-headed ogre
  7434 | D:9      | Killed a two-headed ogre
  7677 | D:10     | Entered Level 10 of the Dungeon
  7696 | D:10     | Reached XP level 11. HP: 94/101 MP: 10/10
  7709 | D:10     | Noticed a two-headed ogre
  7719 | D:10     | Killed a two-headed ogre
  7724 | D:10     | Reached skill level 11 in Fighting
  8182 | D:10     | Noticed a two-headed ogre
  8189 | D:10     | Killed a two-headed ogre
  8259 | D:10     | Noticed a two-headed ogre
  8264 | D:10     | Killed a two-headed ogre
  8455 | D:11     | Noticed an orc sorcerer
  8456 | D:11     | Noticed an orc knight
  8465 | D:11     | Killed an orc sorcerer
  8465 | D:11     | Reached skill level 15 in Axes
  8476 | D:11     | Killed an orc knight
  8730 | D:11     | Noticed a brown ugly thing
  8743 | D:11     | Killed a brown ugly thing
  8756 | D:11     | Found an ornate altar of the Wu Jian Council.
  8820 | D:11     | Found a staircase to the Lair.
  8834 | D:11     | Noticed a two-headed ogre
  8842 | D:11     | Killed a two-headed ogre
  8975 | D:11     | Noticed a two-headed ogre
  8981 | D:11     | Killed a two-headed ogre
  9088 | D:11     | Reached skill level 12 in Fighting
  9088 | D:11     | Reached XP level 12. HP: 112/112 MP: 11/11
  9200 | Lair:1   | Entered Level 1 of the Lair of Beasts
  9454 | Lair:1   | Found a frozen archway.
  9564 | IceCv    | Entered an ice cave
 10659 | IceCv    | Noticed a reaper
 10666 | IceCv    | Killed a reaper
 10810 | Lair:1   | Identified a scroll of acquirement
 10824 | Lair:1   | Identified a +2 pair of boots of running (You acquired it on level 1 of the Lair of Beasts)
 10836 | Lair:1   | Learned a level 1 spell: Apportation
 11355 | Lair:2   | Reached skill level 13 in Fighting
 11406 | Lair:2   | Noticed a five-headed hydra
 11408 | Lair:2   | Noticed a five-headed hydra
 11417 | Lair:2   | Killed a nine-headed hydra
 11419 | Lair:2   | Killed a nine-headed hydra
 11484 | Lair:2   | Reached XP level 13. HP: 117/122 MP: 12/12
 11795 | Lair:2   | Found a staircase to the Snake Pit.
 12035 | Lair:2   | Found a staircase to the Swamp.
 12266 | Lair:3   | Found a labyrinth entrance.
 12275 | Lab      | Entered a labyrinth
 12417 | Lab      | Noticed a minotaur
 12427 | Lab      | Killed a minotaur
 12438 | Lab      | Identified the Handbook of the Voyage and Arcane Weapons
 13409 | Lair:4   | Noticed Nessos
 13422 | Lair:4   | Killed Nessos
 14051 | Lair:4   | Reached skill level 14 in Fighting
 14085 | Lair:4   | Noticed a fire dragon
 14097 | Lair:4   | Killed a fire dragon
 14379 | Lair:4   | Noticed Harold
 14386 | Lair:4   | Killed Harold
 14386 | Lair:4   | Reached skill level 1 in Bows
 14667 | Lair:5   | Noticed Rupert
 14674 | Lair:5   | Paralysed by Rupert for 3 turns
 14699 | Lair:5   | Killed Rupert
 15402 | Lair:6   | Entered Level 6 of the Lair of Beasts
 15507 | Lair:6   | Found a staircase to the Slime Pits.
 15507 | Lair:6   | Found a viscous altar of Jiyva.
 15514 | Lair:6   | Reached XP level 14. HP: 132/132 MP: 13/13
 15840 | Lair:6   | Found the +7 longbow "Piercer" {penet, EV-2}
 16866 | D:12     | Reached skill level 5 in Bows
 17000 | D:12     | Reached skill level 15 in Armour
 17296 | D:12     | Found a staircase to the Orcish Mines.
 17521 | Orc:1    | Entered Level 1 of the Orcish Mines
 17618 | Orc:2    | Entered Level 2 of the Orcish Mines
 17630 | Orc:2    | Reached skill level 15 in Fighting
 17682 | Orc:2    | Found a bloodstained altar of Trog.
 17709 | Orc:2    | Noticed Snorg
 17718 | Orc:2    | Killed Snorg
 17835 | Orc:2    | Noticed Donald
 17861 | Orc:2    | Killed Donald
 17994 | Orc:2    | Found Zasif's Gadget Shop.
 17994 | Orc:2    | Found Keudeam's Book Emporium.
 17999 | Orc:2    | Found Tepteit's Jewellery Shop.
 17999 | Orc:2    | Found Viteil's General Store.
 18133 | Orc:2    | Found a staircase to the Elven Halls.
 18713 | D:13     | Reached XP level 15. HP: 136/141 MP: 14/14
 18976 | D:13     | Found a glowing golden altar of the Shining One.
 19479 | D:13     | Found a gate to the Vaults.
 20048 | D:14     | Found a shattered altar of Ashenzari.
 20374 | D:15     | Entered Level 15 of the Dungeon
 21069 | D:15     | Found a staircase to the Depths.
 21543 | Lair:1   | Bought a potion of agility for 56 gold pieces
 21543 | Lair:1   | Bought a potion of curing for 42 gold pieces
 21543 | Lair:1   | Bought a potion of curing for 42 gold pieces
 21543 | Lair:1   | Bought a potion of haste for 140 gold pieces
 21543 | Lair:1   | Bought a potion of might for 56 gold pieces
 21543 | Lair:1   | Bought a potion of might for 56 gold pieces
 21543 | Lair:1   | Bought 2 potions of heal wounds for 140 gold pieces
 21552 | Lair:1   | Bought a +2 plate armour of poison resistance for 370 gold pieces
 21607 | Snake:1  | Entered Level 1 of the Snake Pit
 21618 | Snake:1  | Reached skill level 16 in Fighting
 22472 | Snake:1  | Noticed a nagaraja
 22482 | Snake:1  | Killed a nagaraja
 22947 | Snake:2  | Reached XP level 16. HP: 152/152 MP: 9/15
 23909 | Snake:3  | Found Noitumi's Book Shop.
 24119 | Snake:3  | Reached skill level 17 in Fighting
 24525 | Snake:4  | Entered Level 4 of the Snake Pit
 24632 | Snake:4  | Reached skill level 10 in Bows
 24676 | Snake:4  | Reached XP level 17. HP: 121/162 MP: 16/16
 26409 | Snake:4  | Reached skill level 18 in Fighting
 26929 | Snake:4  | Got a serpentine rune of Zot
 27388 | Swamp:1  | Entered Level 1 of the Swamp
 27414 | Swamp:1  | Reached XP level 18. HP: 155/172 MP: 17/17
 28996 | Swamp:2  | Noticed Louise
 29015 | Swamp:2  | Cast into level 3 of the Abyss (Louise)
 29423 | Abyss:3  | Gained mutation: You expend magic power (3 MP) to strengthen your wands. [a shining eye]
 29526 | Swamp:2  | Escaped the Abyss
 29551 | Swamp:2  | Killed Louise
 30006 | Swamp:2  | Bought an emerald-studded plate armour for 560 gold pieces
 30016 | Swamp:2  | Identified the cursed +1 plate armour of Kindness {rF+ MR++ Dex+2} (You bought it in a shop on level 2 of the Swamp)
 30028 | Swamp:2  | Bought a pair of scorched boots for 190 gold pieces
 30038 | Swamp:2  | Identified the +2 pair of boots of Honour {rC- MR+ SInv} (You bought it in a shop on level 2 of the Swamp)
 30198 | Swamp:4  | Entered Level 4 of the Swamp
 31080 | Swamp:4  | Noticed the 27-headed Lernaean hydra
 31094 | Swamp:4  | Killed the 25-headed Lernaean hydra
 31199 | Swamp:4  | Noticed Roxanne
 31482 | Swamp:4  | Got a decaying rune of Zot
 32075 | Vaults:1 | Entered Level 1 of the Vaults
 32159 | Vaults:1 | Found Cuaprauti's Antique Weapon Shop.
 32488 | Vaults:1 | Reached skill level 19 in Fighting
 32822 | Vaults:1 | Reached XP level 19. HP: 180/182 MP: 18/18
 34721 | Vaults:2 | Found a staircase to the Crypt.
 35288 | Vaults:2 | Found a portal to a secret trove of treasure.
 36024 | Vaults:2 | Reached XP level 20. HP: 73/193 MP: 19/19
 36204 | Vaults:2 | Cast into level 2 of the Abyss (a deep elf sorcerer)
 36580 | Vaults:2 | Escaped the Abyss
 36591 | Vaults:2 | Reached skill level 20 in Fighting
 36853 | Vaults:2 | Noticed Bai Suzhen
 36866 | Vaults:2 | Killed Bai Suzhen
 38453 | Vaults:3 | Reached skill level 15 in Bows
 39201 | Vaults:4 | Paralysed by a sphinx for 7 turns
 39213 | Vaults:4 | Reached skill level 21 in Fighting
 39230 | Vaults:4 | Reached XP level 21. HP: 104/204 MP: 20/20
 39810 | Vaults:4 | Reached skill level 1 in Dodging
 39922 | Vaults:4 | Found Bera's Weapon Emporium.
 40836 | Vaults:4 | Bought a pair of embroidered gloves for 210 gold pieces
 40857 | Vaults:5 | Entered Level 5 of the Vaults
 41059 | Vaults:4 | Reached skill level 5 in Dodging
 41397 | Vaults:5 | Paralysed by a sphinx for 7 turns
 41403 | Vaults:5 | HP: 9/205 [orc priest/divine providence[an orc knight] (12)]
 42299 | Lair:3   | Bought the ring of Fedhas's Hope {MR++ Str+3 Int+2 Dex-2} for 350 gold pieces
 42665 | Vaults:5 | Reached skill level 22 in Fighting
 43173 | Vaults:5 | Noticed a golden dragon
 43186 | Vaults:5 | Killed a golden dragon
 43211 | Vaults:5 | Reached XP level 22. HP: 139/215 MP: 21/21
 43555 | Vaults:5 | Noticed a golden dragon
 43563 | Vaults:5 | Killed a golden dragon
 44151 | Vaults:5 | Got a silver rune of Zot
 44443 | Depths:1 | Entered Level 1 of the Depths
 44588 | Depths:1 | Found Pagru's Weapon Shoppe.
 44636 | Depths:1 | Found a gateway to a ziggurat.
 45254 | Depths:1 | Found a gateway to Hell.
 45378 | Depths:1 | Found the +0 mask of the Dragon {MR+ Slay+3 SInv}
 45521 | Depths:1 | Reached skill level 10 in Dodging
 45902 | Depths:2 | Got a fine silver amulet
 45903 | Depths:2 | Identified the amulet "Coralin" {Spirit rElec rN+} (You acquired it on level 2 of the Depths)
 46285 | Depths:2 | Reached skill level 23 in Fighting
 46732 | Depths:2 | Noticed a juggernaut
 46745 | Depths:2 | Killed a juggernaut
 47023 | Depths:2 | Found a one-way gate leading to the halls of Pandemonium.
 47853 | Depths:3 | Reached XP level 23. HP: 227/227 MP: 22/22
 48368 | Depths:3 | Found the amulet of the Air {Inacc +Fly rElec EV+5 RMsl}
 48377 | Depths:3 | Identified the Collected Works on Arcane Weapons and Cold
 48465 | Depths:3 | Found a runed door.
 48494 | Depths:3 | Paralysed by a floating eye for 3 turns
 48688 | Depths:3 | Found a runed door.
 48689 | Depths:3 | Noticed a caustic shrike
 48795 | Depths:3 | Noticed a caustic shrike
 48798 | Depths:3 | Killed a caustic shrike
 48819 | Depths:3 | Found a runed door.
 48917 | Depths:3 | Reached skill level 24 in Fighting
 49019 | Depths:3 | Found a runed door.
 49019 | Depths:3 | Found a runed door.
 49583 | Depths:3 | Paralysed by a floating eye for 4 turns
 49800 | Depths:3 | Found a runed door.
 50112 | Depths:3 | Noticed a caustic shrike
 50121 | Depths:3 | Killed a caustic shrike
 50367 | Depths:3 | Killed a caustic shrike
 50396 | Depths:3 | Reached XP level 24. HP: 207/240 MP: 22/22
 50433 | Depths:3 | Got a faintly glowing scarf
 50434 | Depths:3 | Identified the scarf "Ciurawk" {Str+5} (You found it on level 3 of the Depths)
 50625 | Depths:4 | Found a one-way gate to the infinite horrors of the Abyss.
 50929 | Depths:4 | Noticed Mennas
 50948 | Depths:4 | Killed Mennas
 51485 | Depths:2 | Reached skill level 25 in Fighting
 51700 | Elf:1    | Entered Level 1 of the Elven Halls
 52002 | Elf:1    | Reached skill level 15 in Dodging
 52578 | Elf:1    | Found Guqer's Book Shop.
 53070 | Elf:2    | Found a runed gate.
 53071 | Elf:2    | Found a runed gate.
 53074 | Elf:2    | Found a runed gate.
 53533 | Elf:3    | Entered Level 3 of the Elven Halls
 53653 | Elf:3    | Found Uguwkup's Jewellery Boutique.
 53723 | Elf:3    | Gained mutation: Your spells are a little easier to cast, but a little less powerful. [a cacodemon]
 53783 | Elf:3    | Reached XP level 25. HP: 198/251 MP: 22/22
 54314 | Elf:3    | Found the +8 orange crystal plate armour {Archmagi, Int+3 Clar}
 54349 | Elf:3    | Got a scintillating silver ring
 54352 | Elf:3    | Identified the ring of Zymokyij {+Blink rElec Str+4 Int+2 Dex+4} (You found it on level 3 of the Elven Halls)
 54397 | Elf:3    | Identified Sif Muna's Volume of Mutagenic Lightness
 54485 | Elf:3    | Identified the Incunabulum of Doomed Stones
 54835 | Elf:3    | Cast into level 4 of the Abyss (flail of distortion)
 54926 | Abyss:4  | Reached XP level 26. HP: 228/260 MP: 14/22
 54954 | Abyss:5  | Entered Level 5 of the Abyss
 54959 | Abyss:5  | Found a corrupted altar of Lugonu.
 54994 | Abyss:5  | Gained mutation: Your magical capacity is low. (-10% MP) [a neqoxec]
 55200 | Abyss:5  | Reached skill level 26 in Fighting
 55239 | Elf:3    | Escaped the Abyss
 55675 | Elf:3    | Bought a runed cloak for 195 gold pieces
 55991 | Depths:4 | Noticed Sojobo
 56009 | Depths:4 | Killed Sojobo
 56462 | Depths:4 | Found a gateway to a bazaar.
 56640 | Bazaar   | Entered a bazaar
 56640 | Bazaar   | Found Ucseente's Antique Armour Shop.
 56666 | Bazaar   | Found Pydwuipp's Antique Weapon Shop.
 56686 | Bazaar   | Found Coet's Distillery.
 56694 | Bazaar   | Bought a potion of heal wounds for 55 gold pieces
 56694 | Bazaar   | Bought a potion of heal wounds for 55 gold pieces
 56694 | Bazaar   | Bought 2 potions of invisibility for 176 gold pieces
 56694 | Bazaar   | Bought a potion of heal wounds for 55 gold pieces
 56694 | Bazaar   | Bought a potion of haste for 110 gold pieces
 56715 | Depths:5 | Entered Level 5 of the Depths
 56912 | Depths:5 | Found a gate to the Realm of Zot.
 57567 | Depths:5 | Noticed Jory
 57588 | Depths:5 | Killed Jory
 58239 | Zot:1    | Entered Level 1 of the Realm of Zot
 60213 | Zot:1    | Reached XP level 27. HP: 271/271 MP: 19/19
 60291 | Zot:1    | Reached skill level 27 in Fighting
 63190 | Zot:4    | Upgraded the game from 0.21-a0-203-gb066a6e to 0.21-a0-207-g4a9efaf
 64693 | Zot:5    | Entered Level 5 of the Realm of Zot
 64816 | Zot:5    | Got a pair of warped boots
 64817 | Zot:5    | Identified the -6 pair of boots of Dithmenos {rF+} (You acquired it on level 5 of the Realm of Zot)
 64820 | Zot:5    | Got a twitching golden ring
 64821 | Zot:5    | Identified the ring of Holeni {+Blink rC+ Dex+5 Slay+2} (You acquired it on level 5 of the Realm of Zot)
 65106 | Zot:5    | Noticed an ancient lich
 65108 | Zot:5    | Noticed an orb of fire
 65157 | Zot:5    | Noticed an orb of fire
 65165 | Zot:5    | Gained mutation: Your body sometimes deteriorates upon taking damage. [an orb of fire]
 65170 | Zot:5    | Noticed an ancient lich
 65175 | Zot:5    | Killed an orb of fire
 65179 | Zot:5    | Killed an orb of fire
 65180 | Zot:5    | Killed an ancient lich
 65239 | Zot:5    | Killed an ancient lich
 65343 | Zot:5    | Noticed an ancient lich
 65347 | Zot:5    | Killed an ancient lich
 66345 | Zot:5    | Got the Orb of Zot
 67392 | D:$      | Escaped with the Orb!

Vault maps used:
D:1:      evilmike_arrival_plus
D:2:      nemelex_lonely_heart_becter, uniq_sigmund
D:3:      serial_glass, glass_columns_a, glass_columns_b, serial_bayou_pond_e
D:4:      minitemple, first_bread, nicolae_gozag_seed_capital, uniq_eustachio
D:5:      basic_altar, uniq_menkaure, uniq_grinder
D:6:      temple_hall, nicolae_ossuary_entry_catacombs, serial_corexii_hall,
          corexii_hall_statues_i, corexii_hall_statues_x, basic_altar,
          kennysheep_windowed_goal, uniq_crazy_yiuf_cottage
D:7:      uniq_pikel
D:8:      old_standard_altar, slow_altar_2
D:9:      overflow_temple_1_default, serial_undead, serial_undead_a,
          serial_undead_f, serial_undead_c, serial_undead_f, uniq_grum,
          uniq_erolcha
D:11:     lair_entry_dummy, basic_altar, hangedman_little_slice_of_home,
          minmay_misc_feat_cross, solitary_fountain
D:12:     orc_0_dummy
D:13:     david_vaults_4, nicolae_tso_carved_into_rock
D:14:     wad_floor_pattern_1, nicolae_ashenzari_panopticon
D:15:     grunt_enter_depths_magical_seal
Lair:1:   portal_ice_cave_entry_imps, lemuel_fruit_tree,
          infiniplex_staircase_pool, grunt_megastairs_3
Lair:2:   swamp_mist, guppyfry_snake_entry_garden, st_stairs_5
Lair:3:   lab_entry_generic, serial_bayou, serial_bayou_ford_a,
          serial_bayou_lagoon_b, serial_bayou_lagoon_a, serial_bayou_shore_a,
          serial_bayou_pond_c, serial_bayou_crossing,
          hangedman_lair_generics_rect, lemuel_fruit_fields
Lair:4:   dragon1_lemuel, cheibrodos_lair_caveside_slide, uniq_harold,
          uniq_nessos
Lair:5:   uniq_rupert
Lair:6:   evilmike_catoblepas_cave, slime_altar_1
Swamp:1:  nicolae_swamp_trees_clearing
Swamp:2:  hangedman_swamp_ruin_hall, hangedman_swamp_wriggling, uniq_louise
Swamp:3:  nicolae_swamp_stair_fork
Swamp:4:  swamp_old_school, uniq_roxanne
Snake:1:  guppyfry_library_mini
Snake:2:  serial_bayou_pond_c, nrook_loot_triangle
Snake:3:  serial_shops, nicolae_shop_crystal, spider_trap
Snake:4:  grunt_snake_rune_spirals
Orc:1:    uniq_erica
Orc:2:    grunt_orc_tribal_feast, basic_altar, uniq_snorg, uniq_donald
Elf:1:    eino_elf_arrival_sip, serial_shops,
          nicolae_shop_competitors_out_of_business,
          hangedman_elven_crosses_minicolossus, onia_ninara_cookie
Elf:2:    kennysheep_underground_church
Elf:3:    elf_hall_gauntlet_narrow, serial_shops,
          nicolae_shop_competitors_out_of_business
Vaults:1: ontoclasm_vaults_loading_screen, nicolae_vaults_little_squares_2,
          v_misc_15, nicolae_vaults_disjoint_gnomons, nicolae_vaults_theta,
          nicolae_vaults_shelves_hall, vaults_mumra_chevron,
          vaults_room_fancy_cross, hangedman_vaults_cutoff,
          nicolae_vaults_network_periphery, nicolae_vaults_alarming,
          vaults_room_fours, serial_shops, shop
Vaults:2: minmay_crypt_entry_simple_sparse, nicolae_vaults_little_squares_4,
          nicolae_vaults_branching_niches, v_misc_33, v_misc_14, v_misc_27,
          vaults_dpeg_diagonal, vaults_standard_mumra_lines,
          vaults_room_door_hall, nicolae_vaults_little_squares_1, v_rooms_6,
          vaults_room_octagon, ontoclasm_vaults_tryst, enter_trove_1,
          uniq_bai_suzhen
Vaults:3: kb_rosetta, v_misc_29, ontoclasm_vaults_pinch,
          ontoclasm_vaults_hangar, hangedman_vaults_snaps,
          hangedman_vaults_slither, nicolae_vaults_windows_and_doors_thing,
          v_misc_27, vaults_room_grunt_arrival_ludios,
          nicolae_vaults_circle_grid_a, nicolae_vaults_little_squares_6,
          nicolae_vaults_little_squares_6, nicolae_vaults_shelves_hall
Vaults:4: v_misc_8, ontoclasm_vaults_gateway, ontoclasm_vaults_ring_square,
          nicolae_vaults_network_quinsquares, vaults_mumra_minichess,
          nicolae_vaults_three_branches, hangedman_vaults_corner_blocks,
          nicolae_vaults_little_ls, vaults_mumra_lcd, v_misc_2, serial_shops,
          nicolae_shop_waterfront
Depths:1: enter_ziggurat_e, serial_shops, shop, grunt_hell_entry_dis_mu,
          minmay_orc_keep, serial_bayou_shore_b
Depths:2: grunt_x_marks_the_spot, hell_entry, pan_entry, serial_bayou,
          serial_bayou_shore_b, serial_bayou_pond_c, serial_bayou_pond_a,
          serial_bayou_pond_b, serial_bayou_pond_d, spider_trap,
          serial_bayou_shore_b
Depths:3: minmay_the_grid_ultimate, pan_entry, hell_entry
Depths:4: cheibrodos_birdhouse, abyss_entry, serial_shops, bzr_entry_dummy,
          minivault_14, hell_entry, kennysheep_dice, infiniplex_staircase_star,
          uniq_sojobo, uniq_mennas
Depths:5: grunt_zot_entry_tricorne, hellmouth_1, minmay_misc_feat_hallway,
          marbit_kobold_abyss_entry, uniq_jory
Zot:1:    grunt_megastairs_1
Zot:4:    st_small_dragon_hoard_3, st_stairs_14
Abyss:3:  abyss_greek_temple
Abyss:4:  evilmike_abyss_exit_6, evilmike_abyss_exit_smiterflies
Abyss:5:  evilmike_abyss_exit_10
Lab:      nicolae_lab_dead_adventurers, labyrinth_glass_1
Bazaar:   bazaar_jpeg_cross
Ossuary:  ossuary_zaba_two_paths
IceCv:    ice_cave_small_demon

Skill      XL: |  1  2  3  4  5  6  7  8  9 10 11 12 13 14 15 16 17 18 19 20 21 22 23 24 25 26 27 |
---------------+----------------------------------------------------------------------------------+-----
Axes           | 3 5 7 8 10 12 14 15 17 19 20 21 22 23 24 25 26 | 26.0
Armour         | 4 5 6 7 9 10 12 13 14 15 16 17 18 19 20 21 22 26 | 26.9
Fighting       | 4 5 6 8 9 10 12 13 14 15 16 17 18 19 21 22 23 24 25 26 27 | 27.0
Bows           | 2 6 8 10 11 12 14 15 17 18 19 21 22 26 | 26.2
Dodging        | 8 11 14 16 | 16.4
Shields        | |  3.7

Action                   |  1- 3 |  4- 6 |  7- 9 | 10-12 | 13-15 | 16-18 | 19-21 | 22-24 | 25-27 || total
-------------------------+-------+-------+-------+-------+-------+-------+-------+-------+-------++-------
Melee: War axe           |    70 |    49 |       |       |       |       |       |       |       ||   119
       Headbutt          |     7 |    10 |    71 |   109 |   277 |   383 |   233 |   202 |   224 ||  1516
       Hand axe          |       |    27 |   265 |   197 |       |       |       |       |       ||   489
       Battleaxe         |       |       |       |   246 |   997 |  1192 |       |       |       ||  2435
       Executioner's axe |       |       |       |       |       |   135 |   790 |   677 |   733 ||  2335
 Fire: Longbow           |       |       |       |       |       |    33 |   195 |   602 |   584 ||  1414
Invok: Call Merchant     |       |       |       |       |     3 |     1 |     2 |       |     3 ||     9
       Potion Petition   |       |       |       |       |       |     2 |     7 |     4 |    13 ||    26
       Bribe Branch      |       |       |       |       |       |       |     1 |       |     1 ||     2
Evoke: Wand              |       |       |       |     2 |     2 |       |       |       |     2 ||     6
  Use: Scroll            |     7 |       |    12 |     8 |    16 |    12 |     6 |    11 |    10 ||    82
       Potion            |       |       |       |     9 |    13 |    11 |     6 |     5 |    13 ||    57
 Stab: Distracted        |       |       |     1 |     2 |     6 |     7 |    11 |    13 |    11 ||    51
       Paralysed         |       |       |       |       |     4 |       |       |       |       ||     4
       Petrified         |       |       |       |       |     3 |       |       |       |       ||     3
       Invisible         |       |       |       |       |       |       |    13 |       |       ||    13
       Confused          |       |       |       |       |       |       |       |     1 |       ||     1
  Eat: Chunk             |     2 |    13 |     6 |       |       |       |       |       |       ||    21
       Bread ration      |       |       |       |     3 |     7 |       |       |     5 |     5 ||    20
       Royal jelly       |       |       |       |     3 |       |     1 |     2 |       |     6 ||    12
       Fruit             |       |       |       |       |     2 |       |       |       |       ||     2
       Meat ration       |       |       |       |       |     2 |     5 |     6 |     2 |       ||    15
Armor: Scale mail        |    49 |    38 |    82 |       |       |       |       |       |       ||   169
       Plate armour      |       |       |    18 |   271 |   723 |  1041 |   606 |   401 |    36 ||  3096
       Skin              |       |       |       |       |    11 |       |       |       |       ||    11
       Crystal plate arm |       |       |       |       |       |       |       |       |   510 ||   510
Dodge: Dodged            |    39 |    43 |    90 |   131 |   306 |   387 |   311 |   383 |   455 ||  2145
Block: Shield            |     7 |       |       |       |       |       |       |       |       ||     7
       Other             |       |       |       |    19 |    53 |    68 |    37 |    36 |    39 ||   252
       Reflection        |       |       |       |     2 |     1 |     5 |     3 |     5 |     4 ||    20
